 Dungeon Crawl Stone Soup version 0.15-a0-674-g7948ca6 (webtiles) character file.

90 4tharraofdagon the Firebug (level 4, -3/24 HPs)
             Began as a Tengu Fire Elementalist on May 9, 2014.
             Slain by a hound (5 damage)
             ... while paralysed by a potion of paralysis
             ... on Level 4 of the Dungeon.
             The game lasted 00:03:27 (528 turns).

4tharraofdagon the Firebug (Tengu Fire Elementalist) Turns: 528, Time: 00:03:27

HP  -3/24        AC  2     Str  8      XL: 4   Next: 56%
MP   0/9         EV  2     Int 16      God:
Gold 36          SH  0     Dex 15      Spells:  2 memorised,  4 levels left

rFire  . . .     SeeInvis .     k - +2 dagger (elec)
rCold  . . .     Clarity  .     a - +0 robe
rNeg   . . .     Conserve .     (no shield)
rPois  +         rCorr    .     (helmet restricted)
rElec  .         rRot     .     (no cloak)
SustAb . .       Spirit   .     (no gloves)
rMut   .         Warding  .     (boots unavailable)
Saprov . . .     Stasis   .     (no amulet)
MR     .....                    (no ring)
                                i - ring of poison resistance

@: paralysed, not resistant to hostile enchantments, unstealthy
A: beak, talons 3
a: no special abilities


You were on level 4 of the Dungeon.
You were not hungry.

You visited 1 branch of the dungeon, and saw 4 of its levels.

You collected 36 gold pieces.

Inventory:

Hand weapons
 k - a +2,+2 dagger of electrocution (weapon)
Armour
 a - a +0 robe (worn)
Comestibles
 c - 2 bread rations
 d - 4 pears
 h - a meat ration
Scrolls
 e - 2 scrolls of enchant weapon I {unknown}
 f - a scroll of identify {unknown}
 g - a scroll of amnesia {unknown}
 j - a scroll of magic mapping {unknown}
 l - 3 scrolls of enchant weapon II {unknown}
 m - a scroll of recharging {unknown}
Jewellery
 i - a ring of poison resistance (left hand)
Potions
 o - a potion of brilliance
Books
 b - a book of Flames

   Spells                             Type                      Level
   *Flame Tongue                      Conjuration/Fire             1
   Throw Flame                        Conjuration/Fire             2
   *Conjure Flame                     Conjuration/Fire             3
   Inner Flame                        Hexes/Fire                   3
   Sticky Flame                       Conjuration/Fire             4
   Fireball                           Conjuration/Fire             5


   Skills:
 - Level 2.1 Dodging
 - Level 2.0 Stealth
 + Level 2.6 Spellcasting
 * Level 3.2 Conjurations
 * Level 4.5 Fire Magic


You had 4 spell levels left.
You knew the following spells:

 Your Spells              Type           Power        Failure   Level  Hunger
a - Flame Tongue          Conj/Fire      ##...        4%          1    #......
b - Conjure Flame         Conj/Fire      ##......     12%         3    ###....


Dungeon Overview and Level Annotations

Branches:
Dungeon (4/15)
 Temple: D:4-7

Altars:
Gozag


Innate Abilities, Weirdness & Mutations

You have a beak for a mouth.
You have claws for feet.


Message History

Aiming: Flame Tongue
Press: ? - help, Shift-Dir - straight line, f/p - hound
Aim: a hound (moderately wounded)
The flame tongue misses the hound.
The hound closely misses you. The hound bites you.
* * * LOW HITPOINT WARNING * * *
Casting: Flame Tongue
Confirm with . or Enter, or press ? or * to list all spells.
Aiming: Flame Tongue
Press: ? - help, Shift-Dir - straight line, f/p - hound
Aim: a hound (moderately wounded)
The flame tongue hits the hound.
The hound is severely wounded.
The hound bites you.
* * * LOW HITPOINT WARNING * * *
Unknown command.
Drink which item? (? for menu, Esc to quit)
You suddenly lose the ability to move!
It was a potion of paralysis.
The hound bites you but does no damage. The hound bites you.
You die...

. . .... .##. .....#..#..
.....#....... #..
>.....#......###.....
.............#........
.......................
........h................
.........@................
..........................
..........................
.................>.........
...........................
............%...........)..
...................%......
..................<.......
..........................


You could see a hound.

Vanquished Creatures
  The ghost of 4tharraofdagon the Firebug, a weakling TeFE (D:4)
  A hound (D:4)
  Jessica (D:3)
  A giant gecko (D:2)
  2 bats
  A quokka (D:2)
  4 goblins
  2 kobolds
  A rat (D:4)
14 creatures vanquished.

Notes
Turn   | Place    | Note
--------------------------------------------------------------
     0 | D:1      | 4tharraofdagon, the Tengu Fire Elementalist, began the quest for the Orb.
     0 | D:1      | Reached XP level 1. HP: 10/10 MP: 3/3
   277 | D:2      | Found an opulent altar of Gozag.
   312 | D:3      | Noticed Jessica
   321 | D:3      | Killed Jessica
   321 | D:3      | Reached skill level 4 in Fire Magic
   321 | D:3      | Reached XP level 2. HP: 12/15 MP: 0/5
   321 | D:3      | Reached XP level 3. HP: 15/19 MP: 0/7
   331 | D:3      | Learned a level 3 spell: Conjure Flame
   443 | D:4      | Noticed 4tharraofdagon's ghost (weakling TeFE)
   482 | D:4      | Reached XP level 4. HP: 15/24 MP: 5/9
   510 | D:4      | Killed 4tharraofdagon's ghost
   528 | D:4      | Paralysed by a potion of paralysis for 3 turns
   528 | D:4      | Slain by a hound

Action                   |  1- 3 |  4- 6 || total
-------------------------+-------+-------++-------
Melee: Unarmed           |     8 |       ||     8
 Cast: Flame Tongue      |    20 |     8 ||    28
       Conjure Flame     |       |     1 ||     1
  Use: Potion            |     4 |     1 ||     5

Vault maps used:
D:1:      dpeg_arrival_shelter, kennysheep_minor_cross,
          kennysheep_decorative_pillar, minivault_26, glass_columns_a,
          minmay_splitting_lines, hangedman_decor_peaks_small, grunt_decor_cap,
          minmay_misc_feat_tiny
D:2:      nicolae_overflow_hidden_temple
D:3:      old_standard_altar, kennysheep_doodads, minmay_misc_feat_enclosed,
          st_stairs_11, uniq_crazy_yiuf_cottage, uniq_jessica
D:4:      hangedman_abyss_or_decor_stagger
